AoeStats
← Julix

Arabia

510499067Analyzed
1v1 RM · 23h ago on Oct 1, 2026· 40m 30s· 2 players
Game mode
Random Map
Map size
Tiny (2 player)
Population
200
Speed
Normal
Resources
Standard
Victory
Conquest
Starting age
Dark Age
Ending age
Imperial Age
RankedLock teamsTeams togetherTeam positionsShared explorationLock speedFull tech treeHidden civsTurbo modeCheats
Victory
Defeat
🇹🇼 Mongols · Taiwan
1474
+10
1336
-10
Julix
5:55 Loom
8:23 Feudal Age
9:29 Double-Bit Axe
21:56 Castle Age
20:34 Gold Mining
21:30 Bloodlines
21:31 Fletching
22:13 Horse Collar
22:38 Bodkin Arrow
22:48 Husbandry
23:27 Bow Saw
25:01 Padded Archer Armor
26:01 Wheelbarrow
25:11 Town Watch
30:42 Leather Archer Armor
31:46 Ballistics
39:04 Imperial Age
39:16 Heavy Cavalry Archer
40:22 Parthian Tactics
40:29 Conscription
40:22 Bracer
| ArCas | Cristiano Onagro
4:47 Loom
8:35 Feudal Age
9:29 Double-Bit Axe
9:50 Man-at-Arms
13:10 Forging
23:14 Castle Age
21:00 Horse Collar
21:17 Gold Mining
22:16 Scale Barding Armor
22:29 Town Watch
23:21 Wheelbarrow
23:21 Bloodlines
24:10 Husbandry
23:30 Light Cavalry
27:25 Iron Casting
31:05 Town Watch
32:18 Stone Mining
33:57 Chain Barding Armor
Connection lost

Rejoining the realm…

Still unreachable

The connection could not be restored.

Session expired

The server has moved on; the page needs a fresh start.